 Dungeon Crawl Stone Soup version 0.32-a0-765-gfba4d74c8c (webtiles) character file.

Game seed: 6648677182795520006

12809 Essalna the Geomancer (level 11, 0/73 HPs)
             Began as a Gargoyle Earth Elementalist on Mar 18, 2024.
             Was an Elder of Vehumet.
             Slain by a lindwurm (10 damage)
             ... on level 1 of the Orcish Mines.
             The game lasted 00:20:22 (10913 turns).

Essalna the Geomancer (GrEE)                       Turns: 10913, Time: 00:20:23

Health: 0/73       AC: 23    Str: 13    XL:     11   Next: 99%
Magic:  26/29      EV: 11    Int: 19    God:    Vehumet [****..]
Gold:   696        SH:  4    Dex: 10    Spells: 18/22 levels left

rFire   . . .        x - staff of conjuration
rCold   . . .        q - +0 buckler
rNeg    + . .        M - +0 steam dragon scales
rPois   ∞            t - +0 helmet
rElec   +            (no cloak)
rCorr   .            B - +0 pair of gloves
SInv    .            h - +2 pair of boots
Will    .....        (no amulet)
Stlth   ++           v - ring of magical power
HPRegen 0.32/turn    E - +4 ring of protection
MPRegen 0.21/turn

%: no passive effects
@: no status effects
A: sickness immunity, AC +8, negative energy resistance 1, electricity
resistance, torment resistance 1, petrification resistance
a: Renounce Religion


You were on level 1 of the Orcish Mines.
You worshipped Vehumet.
Vehumet was greatly pleased with you.
You visited 2 branches of the dungeon, and saw 12 of its levels.

You collected 696 gold pieces.

Inventory:

Hand Weapons
 m - a +1 hand axe of flaming
 y - a +3 rapier of holy wrath
Missiles
 w - 2 throwing nets
Armour
 a - a +0 robe
 h - a +2 pair of boots (worn)
 q - a +0 buckler (worn)
 t - a +0 helmet (worn)
 B - a +0 pair of gloves (worn)
 M - +0 steam dragon scales (worn)
Magical Staves
 x - a staff of conjuration (weapon)
Jewellery
 u - the amulet "Xeabledo" {Faith Str+3}
   (You took it off an orc on level 4 of the Dungeon)

   [amulet of faith]

   Faith:     It allows you to gain divine favour quickly.
   Str+3:     It affects your strength (+3).
 v - a ring of magical power (left hand)
 A - a ring of ice
 C - a ring of positive energy
 E - a +4 ring of protection (right hand)
 J - a ring of willpower
 R - a +6 ring of intelligence
Wands
 n - a wand of flame (42)
 I - a wand of polymorph (10)
Scrolls
 c - a scroll of fear
 e - 2 scrolls of enchant weapon {unknown}
 f - 2 scrolls of immolation {unknown}
 i - 8 scrolls of identify {unknown}
 j - a scroll of poison
 k - a scroll of butterflies
 o - a scroll of vulnerability {unknown}
 r - a scroll of teleportation
 z - 2 scrolls of silence
 D - 3 scrolls of blinking
 F - 3 scrolls of revelation {unknown}
 H - a scroll of torment {unknown}
 Q - a scroll of acquirement {unknown}
Potions
 b - 2 potions of magic
 d - 5 potions of curing {unknown}
 g - 4 potions of brilliance {unknown}
 l - 3 potions of degeneration {unknown}
 p - a potion of berserk rage {unknown}
 s - a potion of ambrosia {unknown}
 G - 2 potions of might {unknown}
 K - 3 potions of heal wounds {unknown}
 L - a potion of enlightenment {unknown}
 N - a potion of experience {unknown}
 O - 2 potions of invisibility {unknown}
 P - a potion of mutation {unknown}


   Skills:
 + Level 10.3 Fighting
 - Level 4.0 Armour
 - Level 4.0 Dodging
 - Level 2.1 Stealth
 - Level 4.0 Shields
 - Level 6.0 Spellcasting
 + Level 10.5 Conjurations
 + Level 11.9 Earth Magic


You had 18 spell levels left.
You knew the following spells:

 Your Spells              Type           Power      Damage    Failure   Level
a - Sandblast             Erth           100%       2d20      1%          1
b - Stone Arrow           Conj/Erth      100%       3d13      1%          3

Your spell library contained the following spells:

 Spells                   Type           Power      Damage    Failure   Level
 Dazzling Flash           Conj/Hex       76%        N/A       1%          3
 Magic Dart               Conj           100%       1d8       1%          1
 Shock                    Conj/Air       100%       1d9       1%          1
 Passwall                 Erth           50%        N/A       1%          3
 Brom's Barrelling Bould  Conj/Erth      64%        2d8       1%          4
 Petrify                  Alch/Erth      28%        N/A       13%         4
 Blink                    Tloc           10%        N/A       22%         2
 Call Imp                 Summ           10%        N/A       22%         2
 Lesser Beckoning         Tloc           10%        N/A       22%         2
 Airstrike                Air            2%         2d(1-17)  34%         4
 Fugue of the Fallen      Necr           5%         N/A       41%         3
 Gell's Gravitas          Tloc           5%         N/A       41%         3
 Ozocubu's Armour         Ice            5%         N/A       41%         3
 Swiftness                Air            5%         N/A       41%         3
 Teleport Other           Tloc           5%         N/A       41%         3
 Manifold Assault         Tloc           5%         N/A       82%         4
 Passage of Golubria      Tloc           5%         N/A       82%         4
 Lehudib's Crystal Spear  Conj/Erth      32%        10d8      90%         8
 Curse of Agony           Necr           5%         N/A       99%         5
 Silence                  Hex/Air        2%         N/A       99%         5
 Haunt                    Necr/Summ      2%         N/A       100%        7
 Cigotuvi's Dreadful Rot  Necr/Alch/Air  Unusable   N/A       N/A         2

Dungeon Overview and Level Annotations

Branches:
Dungeon (11/15)            Temple (0/1) D:6            Lair (0/5) D:11
    Orc (1/2) D:11

Altars:
Ashenzari
Cheibriados
Dithmenos
Elyvilon
Nemelex Xobeh
Ru
Sif Muna
Uskayaw
Vehumet
Wu Jian
Xom
Yredelemnul
Zin

Shops:
D:7 *   D:8 *

Portals:
Volcano: Orc:1

Annotations:
D:3 2 transporters, anet's ghost, amateur DjHW
D:5 3 runed translucent doors, Nattfarinn's ghost, novice DEEE


Innate Abilities, Weirdness & Mutations

You are immune to sickness and miasma.
Your stone body is resilient. (AC +8)
You are immune to poison.
You resist negative energy. (rN+)
You are resistant to electric shocks. (rElec)
You are resistant to unholy torment.
You are immune to petrification.


Message History

Found a dark tunnel.
The lindwurm roars!
Casting: Sandblast (safe; 1% risk of failure)
Confirm with . or Enter, or press ? or * to list all spells.
Aiming: Sandblast (safe; 1% risk of failure)
Press: ? - help, Shift-Dir - straight line, f - lindwurm
Aim: a lindwurm (93% to hit)
The blast of sand hits the lindwurm!
The lindwurm is moderately wounded.
The lindwurm breathes flames at you. The blast of flame hits you!!
Casting: Sandblast (safe; 1% risk of failure)
Confirm with . or Enter, or press ? or * to list all spells.
Aiming: Sandblast (safe; 1% risk of failure)
Press: ? - help, Shift-Dir - straight line, f/p - lindwurm
Aim: a lindwurm (moderately wounded, 93% to hit)
The blast of sand hits the lindwurm!!
The lindwurm is severely wounded.
The lindwurm breathes flames at you. The blast of flame hits you!!
* * * LOW HITPOINT WARNING * * *
Casting: Sandblast (safe; 1% risk of failure)
Confirm with . or Enter, or press ? or * to list all spells.
Aiming: Sandblast (safe; 1% risk of failure)
Press: ? - help, Shift-Dir - straight line, f/p - lindwurm
Aim: a lindwurm (severely wounded, catching its breath, 93% to hit)
The blast of sand hits the lindwurm!
The lindwurm is almost dead.
The lindwurm bites you but does no damage.
The lindwurm closely misses you.
The lindwurm claws you but does no damage.
Casting: Sandblast (safe; 1% risk of failure)
Confirm with . or Enter, or press ? or * to list all spells.
Aiming: Sandblast (safe; 1% risk of failure)
Press: ? - help, Shift-Dir - straight line, f/p - lindwurm
Aim: a lindwurm (almost dead, 93% to hit)
The blast of sand hits the lindwurm!
The lindwurm is almost dead.
The lindwurm bites you!
You die...

## ##.###
#######..§§..
#∩§§.....§§§§
#≈§≈§.≈≈≈§≈.≈
#..§≈≈§..§.§.
#..k@..#
######## .


You could see a lindwurm.

Vanquished Creatures
  A boulder beetle (D:11)
  3 two-headed ogres
  An orc high priest (Orc:1)
  Pikel (D:5)
  An orc sorcerer (Orc:1)
  A cyclops (D:11)
  A gargoyle (D:9)
  An unseen horror (D:6)
  A hornet (D:7)
  Prince Ribbit (D:8)
  Sigmund (D:4)
  A shadow (D:9)
  16 yaks
  Eustachio (D:5)
  4 vampire mosquitoes (D:10)
  3 steam dragons
  Menkaure (D:4)
  Duvessa (D:6)
  6 orc warriors
  An ice beast (D:5)
  4 black bears
  A sky beast (D:6)
  4 ogres
  A centaur (D:9)
  A phantom (D:5)
  4 lemures (D:5)
  3 bullfrogs
  A kobold brigand (D:7)
  2 gnoll sergeants
  2 scorpions
  4 wights (D:8)
  Dowan (D:6)
  6 howler monkeys
  2 lava snakes (D:7)
  A bombardier beetle (D:5)
  2 orc priests
  4 hounds
  A jelly (D:7)
  2 gnoll boudas
  Natasha (thrice) (D:3)
  8 iguanas
  2 sleepcaps (D:6)
  10 orc wizards
  Robin (D:4)
  2 adders (D:2)
  21 gnolls
  An ufetubus (D:6)
  3 dart slugs
  38 orcs
  6 ball pythons
  7 bats
  6 endoplasms
  6 giant cockroaches
  20 goblins
  11 hobgoblins
  4 jackals (D:2)
  4 quokkas (D:1)
  3 frilled lizards
  7 kobolds
  6 rats
262 creatures vanquished.

Notes
Turn   | Place    | Note
-------+----------+-------------------------------------------
     0 | D:1      | Essalna the Gargoyle Earth Elementalist began the quest for
                  | the Orb.
     0 | D:1      | Reached XP level 1. HP: 10/10 MP: 3/3
   217 | D:1      | Reached XP level 2. HP: 15/15 MP: 3/5
   382 | D:1      | Reached skill level 4 in Earth Magic
  1012 | D:1      | Reached XP level 3. HP: 19/19 MP: 4/6
  1016 | D:1      | Learned a level 3 spell: Stone Arrow
  1420 | D:2      | Reached XP level 4. HP: 23/24 MP: 5/8
  1585 | D:2      | Reached skill level 1 in Fighting
  1814 | D:2      | Found a shimmering altar of Xom.
  2431 | D:3      | Noticed Natasha
  2436 | D:3      | Killed Natasha
  2472 | D:3      | Noticed Natasha
  2474 | D:3      | Killed Natasha
  2475 | D:3      | Reached XP level 5. HP: 19/30 MP: 6/9
  2599 | D:3      | Noticed anet's ghost (amateur DjHW)
  2599 | D:3      | Noticed an ogre
  2600 | D:3      | Found a transporter.
  2600 | D:3      | Found a transporter.
  2600 | D:3      | Identified the +1 giant spiked club of Luatich {drain, rF++
                  | Str-3}
  2600 | D:3      | Noticed an ogre
  2874 | D:3      | Noticed Natasha
  2881 | D:3      | Killed Natasha
  2947 | D:3      | Found a radiant altar of Vehumet.
  2957 | D:3      | Became a worshipper of Vehumet
  3120 | D:4      | Reached skill level 5 in Earth Magic
  3120 | D:4      | Reached XP level 6. HP: 36/36 MP: 7/10
  3173 | D:4      | Noticed Menkaure
  3177 | D:4      | Killed Menkaure
  3178 | D:4      | Reached skill level 1 in Shields
  3402 | D:4      | Noticed Sigmund
  3406 | D:4      | Killed Sigmund
  3407 | D:4      | Reached XP level 7. HP: 41/41 MP: 8/12
  3695 | D:4      | Reached * piety under Vehumet
  3695 | D:4      | Offered knowledge of Sting by Vehumet.
  3763 | D:4      | Noticed Robin
  3765 | D:4      | Killed Robin
  4087 | D:4      | Identified the amulet "Xeabledo" {Faith Str+3}
  4404 | D:5      | Entered Level 5 of the Dungeon
  4421 | D:4      | Reached skill level 6 in Earth Magic
  4582 | D:5      | Reached XP level 8. HP: 32/48 MP: 14/14
  4668 | D:5      | Noticed Eustachio
  4742 | D:5      | Killed Eustachio
  4743 | D:5      | Reached skill level 5 in Conjurations
  4868 | D:5      | Found a runed translucent gate.
  4871 | D:5      | Found a runed translucent gate.
  4874 | D:5      | Reached skill level 7 in Earth Magic
  4978 | D:5      | Found a runed translucent gate.
  5010 | D:5      | Noticed Pikel
  5024 | D:5      | Killed Pikel
  5025 | D:5      | Reached skill level 5 in Fighting
  5025 | D:5      | Reached XP level 9. HP: 37/55 MP: 10/15
  5163 | D:5      | Reached skill level 8 in Earth Magic
  5455 | D:5      | Noticed Nattfarinn's ghost (novice DEEE)
  5737 | D:6      | Reached ** piety under Vehumet
  5737 | D:6      | Offered knowledge of Scorch by Vehumet.
  5801 | D:6      | Found a staircase to the Ecumenical Temple.
  6094 | D:6      | Killed an unseen horror
  6095 | D:6      | Reached skill level 1 in Armour
  6187 | D:6      | Noticed Duvessa
  6188 | D:6      | Noticed Dowan
  6197 | D:6      | Killed Duvessa
  6207 | D:6      | Killed Dowan
  6317 | D:7      | Noticed a hornet
  6321 | D:7      | Killed a hornet
  6322 | D:7      | Reached skill level 9 in Earth Magic
  6398 | D:7      | Reached XP level 10. HP: 63/63 MP: 16/16
  6892 | D:7      | Found Xuymmom's General Store.
  6929 | D:7      | Reached skill level 5 in Spellcasting
  7159 | D:7      | Found a shimmering altar of Xom.
  7194 | D:7      | Offered knowledge of Hailstorm by Vehumet.
  7363 | D:7      | Got Sif Muna's Anthology of Electricity and the Damned
  7431 | D:8      | Identified the blade talisman of the Pleiades {Will+ Dex+3
                  | Stlth-}
  7695 | D:8      | Noticed Prince Ribbit
  7707 | D:8      | Killed Prince Ribbit
  7739 | D:8      | Reached *** piety under Vehumet
  8097 | D:8      | Found a shimmering blue altar of Sif Muna.
  8245 | D:9      | Noticed a gargoyle
  8249 | D:9      | Killed a gargoyle
  8413 | D:8      | Found Pemni's General Store.
  8549 | D:8      | Offered knowledge of Inner Flame by Vehumet.
  8594 | D:9      | Found a sparkling altar of Nemelex Xobeh.
  8631 | D:9      | Reached skill level 10 in Earth Magic
  8746 | D:9      | Reached XP level 11. HP: 69/69 MP: 19/19
  8828 | D:9      | Found a shadowy altar of Dithmenos.
  8934 | D:9      | Reached **** piety under Vehumet
  9185 | D:10     | Entered Level 10 of the Dungeon
  9189 | D:10     | Noticed a two-headed ogre
  9194 | D:10     | Killed a two-headed ogre
  9234 | D:10     | Found a sacrificial altar of Ru.
  9237 | D:10     | Found a white marble altar of Elyvilon.
  9240 | D:10     | Found a broken altar of Ashenzari.
  9254 | D:10     | Found a snail-covered altar of Cheibriados.
  9352 | D:10     | Offered knowledge of Dazzling Flash by Vehumet.
  9477 | D:10     | Noticed a two-headed ogre
  9481 | D:10     | Killed a two-headed ogre
  9577 | D:10     | Found a basalt altar of Yredelemnul.
  9609 | D:9      | Reached skill level 11 in Earth Magic
  9639 | D:10     | Found an ornate altar of the Wu Jian Council.
  9964 | D:10     | Found a glowing silver altar of Zin.
  9965 | D:10     | Found a hide-covered altar of Uskayaw.
 10072 | D:11     | Noticed a boulder beetle
 10079 | D:11     | Killed a boulder beetle
 10188 | D:11     | Noticed a cyclops
 10203 | D:11     | Killed a cyclops
 10204 | D:11     | Reached skill level 10 in Conjurations
 10393 | D:11     | Noticed a fire crab
 10395 | D:11     | Found a staircase to the Lair.
 10583 | D:11     | Noticed a two-headed ogre
 10587 | D:11     | Killed a two-headed ogre
 10588 | D:11     | Reached skill level 10 in Fighting
 10604 | D:11     | Found a staircase to the Orcish Mines.
 10624 | Orc:1    | Entered Level 1 of the Orcish Mines
 10658 | Orc:1    | Noticed an orc sorcerer
 10661 | Orc:1    | Killed an orc sorcerer
 10663 | Orc:1    | Noticed an orc high priest
 10672 | Orc:1    | Noticed an orc knight
 10673 | Orc:1    | Killed an orc high priest
 10900 | Orc:1    | Noticed a deep elf pyromancer
 10901 | Orc:1    | Noticed a deep elf pyromancer
 10901 | Orc:1    | Noticed a deep elf pyromancer
 10902 | Orc:1    | Noticed a deep elf knight
 10909 | Orc:1    | Found a dark tunnel.
 10909 | Orc:1    | Noticed a lindwurm
 10913 | Orc:1    | Slain by a lindwurm

Illustrated notes

Levels and vault maps discovered:
D:1:      mrwooster_arrival_statue, layout_loops_ring, wad_woods_river_04
D:2:      layout_basic, basic_altar
D:3:      layout_basic, mainiacjoe_overflow_six_doors_small,
          gammafunk_ghost_smash, uniq_natasha
D:4:      layout_loops_corners, minmay_fractal_squares_gapless_5, uniq_menkaure,
          uniq_sigmund, uniq_robin
D:5:      layout_cave_pools, tgw_fedhas, gammafunk_ghost_icy, uniq_eustachio,
          uniq_pikel
D:6:      minmay_chambers_of_fours, layout_gridville, minmay_temple_entry_hall,
          uniq_duvessa
D:7:      layout_loops_ring, mainiacjoe_overflow_concentric_impassable,
          serial_shops, shop, kennysheep_donut, chequers_avenue,
          amcnicky_mini_pool_small, kennysheep_small_spiral,
          minmay_misc_feat_alley
D:8:      layout_basic, nicolae_overflow_crystal_walls, serial_shops,
          nicolae_shop_pleasant_corner_grove, kennysheep_generic_room_5,
          uniq_prince_ribbit1
D:9:      layout_gridville, mainiacjoe_overflow_catch_the_wave
D:10:     layout_long_grid, mainiacjoe_overflow_brackets,
          grunt_temple_overflow_cloverleaf, overflow_temple_1_default,
          nicolae_overflow_hidden_temple
D:11:     layout_rooms, minmay_lair_entry_lava, orc_0_dummy
Orc:1:    layout_diamond_mine, nicolae_volcano_entry_vermiform, elf_legates

Skill      XL: |  1  2  3  4  5  6  7  8  9 10 11 |
---------------+----------------------------------+-----
Earth Magic    | 4 5 6 7 9 10 11 | 11.9
Conjurations   | 2 3 4 6 7 8 10 | 10.5
Fighting       | 1 2 3 4 5 7 8 10 | 10.3
Spellcasting   | 3 4 5 6 |  6.0
Shields        | 2 3 4 |  4.0
Armour         | 2 4 |  4.0
Dodging        | 2 4 |  4.0
Stealth        | |  2.1

Action                     |  1- 3 |  4- 6 |  7- 9 | 10-12 || total
---------------------------+-------+-------+-------+-------++-------
  Melee: Unarmed           |     7 |    29 |       |       ||    36
         Staff             |       |       |       |     1 ||     1
   Cast: Sandblast         |    49 |    68 |   190 |   231 ||   538
         Stone Arrow       |       |       |    13 |    30 ||    43
    Use: Scroll            |       |       |       |     8 ||     8
 Armour: Robe              |    18 |    35 |    96 |    60 ||   209
         Steam dragon scal |       |       |       |   101 ||   101
  Dodge: Dodged            |    13 |    34 |    57 |   107 ||   211
  Block: Buckler           |       |       |    26 |    47 ||    73

Table legend: (Time is in decaauts)
 A = Elapsed time spent in this place.
 B = Non-inter-level travel time spent in this place.
 C = Inter-level travel time spent in this place.
 D = Time resting spent in this place.
 E = Time spent auto-exploring this place.
 F = Levels seen in this place.
 G = Mean time per level.
                   A        B        C        D        E       F      G
               +--------+--------+--------+--------+--------+-----+--------+
         Total |  11200 |  10791 |    409 |    279 |   8816 |  12 |  933.3 |
       Dungeon |  10900 |  10493 |    407 |    279 |   8590 |  11 |  990.9 |
  Orcish Mines |    299 |    297 |      2 |      0 |    226 |   1 |  299.0 |
               +--------+--------+--------+--------+--------+-----+--------+

Top non-repeatable levels by time:
     D:4: 1602 daAuts
     D:7: 1145 daAuts
     D:1: 1110 daAuts
     D:8: 1070 daAuts
     D:2: 1062 daAuts
     D:5: 1032 daAuts
    D:10: 1004 daAuts
     D:3: 971 daAuts
     D:9: 823 daAuts
     D:6: 671 daAuts
    D:11: 404 daAuts
   Orc:1: 299 daAuts
